cohdb
Replays
Latest Replays
All Replays
Popular Replays
Top Player Replays
Match Explorer
How It Works
Community
CoH3 Stats
Reddit
Sign in to upload your games and track your stats! →
Sign in with Steam
Match 45203766
Unlisted
Match 45203766
Overview
Messages
Build Orders
End
Construct Barracks
Selects Special Operations Battlegroup
Selects M29 Weasel Recon Vehicle
Construct Weapon Support Center
M29 Weasel Recon Vehicle
Engineer Squad
M1919 Machine Gun Team
Bazooka Squad
M1919 Machine Gun Team
Mechanized Support Center
Construct Motor Pool
M8 Greyhound Armored Car
Selects Raiding Flares
Selects SSF Commando Squad
Designate Forward Repair Station
M8 Greyhound Armored Car
SSF Commando Squad
Improvised Armor
SSF Commando Squad
.30 cal Machine Gun
Construct Tank Depot
Selects P-47 Anti-Infantry Loiter
Selects UNKNOWN (2162291)
Selects Air Re-supply Operation
M4A1 Sherman Whizbang
.30 cal Machine Gun
Improved M9 Bazooka Rockets
P-47 Anti-Infantry Loiter
pp123p
Brick_man
Aurelius
XBoundTTV
Beta
mayomeyo
0
0
Comments
sign in to comment!
No comments posted yet!